 Dungeon Crawl Stone Soup version 0.25-a0-105-g2289b3b9f1 (webtiles) character file.

Game seed: 3410316811649999161, levelgen mode: deterministic

2212 Arixos the Digger (level 9, -16/52 HPs)
             Began as a Vampire Earth Elementalist on Nov 16, 2019.
             Was a Follower of Qazlal.
             Demolished by an orc warrior
             ... wielding a +2 scimitar of holy wrath
              (35 damage)
             ... on level 6 of the Dungeon.
             The game lasted 00:33:14 (7707 turns).

Arixos the Digger (Vampire Earth Elementalist)      Turns: 7707, Time: 00:33:15

Health: -16/52     AC:  7    Str:  7      XL:     9   Next: 13%
Magic:  4/16       EV: 14    Int: 19 (21) God:    Qazlal [*.....]
Gold:   191        SH:  8    Dex: 13 (14) Spells: 2/17 levels left

rFire    . . .     SeeInvis +   x - +0 whip (freeze)
rCold    + + .     Gourm    .   c - +1 buckler
rNeg     + + +     Faith    .   n - +0 leather armour
rPois    ∞         Spirit   .   o - +0 helmet
rElec    .         Reflect  .   k - +0 cloak
rCorr    .         Harm     .   w - +0 pair of gloves
MR       .....                  e - +0 pair of boots
Stlth    ++++......             (no amulet)
HPRegen  0.00/turn              (no ring)
MPRegen  0.15/turn              (no ring)

@: very slightly contaminated, bloodless, regenerating quickly
A: no food, fangs 3, see invisible, unbreathing
a: Bat Form, Revivify, Renounce Religion


You were on level 6 of the Dungeon.
You worshipped Qazlal.
Qazlal was aware of your devotion.
You were bloodless.

You visited 2 branches of the dungeon, and saw 8 of its levels.

You collected 269 gold pieces.
You spent 78 gold pieces at shops.

Inventory:

Hand Weapons
 x - a +0 whip of freezing (weapon)
Missiles
 b - 24 stones (quivered)
 l - 72 poisoned darts
Armour
 c - a +1 buckler (worn)
 e - a +0 pair of boots (worn)
 k - a +0 cloak (worn)
 n - a +0 leather armour (worn)
 o - a +0 helmet (worn)
 w - a +0 pair of gloves (worn)
Wands
 p - a wand of flame (9)
 z - a wand of random effects (11)
Scrolls
 d - 8 scrolls of identify
 f - 3 scrolls of immolation
 g - 3 scrolls of enchant armour
 i - a scroll of remove curse
 j - a scroll of magic mapping {unknown}
 m - a scroll of enchant weapon {unknown}
 q - a scroll of fear {unknown}
 r - a scroll of random uselessness {unknown}
 s - 2 scrolls of blinking {unknown}
 u - a scroll of fog {unknown}
 y - a scroll of teleportation {unknown}
Potions
 a - a potion of brilliance {unknown}
 h - a potion of degeneration {unknown}
 t - a potion of heal wounds {unknown}
 v - a potion of curing {unknown}


   Skills:
 + Level 4.1 Fighting
 + Level 5.7 Dodging
 - Level 3.0 Stealth
 - Level 4.0 Shields
 + Level 4.8 Spellcasting
 * Level 2.5 Conjurations
 * Level 4.0 Transmutations
 * Level 5.9 Earth Magic


You had 2 spell levels left.
You knew the following spells:

 Your Spells              Type           Power        Failure   Level  Hunger
a - Stone Arrow           Conj/Erth      ###...       10%         3    N/A
p - Petrify               Tmut/Erth      ###.....     24%         4    N/A
r - Lee's Rapid Deconstr  Erth           ####......   43%         5    N/A
w - Passwall              Tmut/Erth      ###.....     3%          2    N/A
A - Sandblast             Erth           ####..       1%          1    N/A

Your spell library contained the following spells:

 Spells                   Type           Power        Failure   Level  Hunger


Dungeon Overview and Level Annotations

Branches:
Dungeon (7/15)             Temple (1/1) D:5

Altars:
Ashenzari
Cheibriados
Dithmenos
Elyvilon
Fedhas
Hepliaklqana
Nemelex Xobeh
Okawaru
Qazlal
Ru
Sif Muna
Trog
Uskayaw
Wu Jian
Xom
Yredelemnul
Zin
The Shining One

Shops:
D:4 %%(*


Innate Abilities, Weirdness & Mutations

You do not eat.
You do not regenerate when monsters are visible.
You are frail without blood (-20% HP).
You can heal yourself when you bite living creatures.
You are immune to poison.
You have razor-sharp teeth.
You have supernaturally acute eyesight. (SInv)
You can survive without breathing.


Message History

Casting: Stone Arrow (safe; 10% risk of failure)
Confirm with . or Enter, or press ? or * to list all spells.
Aiming: Stone Arrow (safe; 10% risk of failure)
Press: ? - help, Shift-Dir - straight line, f/p - orc warrior
Aim: an orc warrior, wielding a +2 scimitar of holy wrath and wearing a cursed +0 plate armour The stone arrow hits the orc warrior.
The orc warrior is lightly wounded.
The orc warrior hits you with a +2 scimitar of holy wrath!
You convulse.
Casting: Stone Arrow (safe; 10% risk of failure)
Confirm with . or Enter, or press ? or * to list all spells.
Aiming: Stone Arrow (safe; 10% risk of failure)
Press: ? - help, Shift-Dir - straight line, f/p - orc warrior
Aim: an orc warrior, wielding a +2 scimitar of holy wrath and wearing a cursed +0 plate armour (lightly wounded)
The stone arrow hits the orc warrior!
The orc warrior is moderately wounded.
The orc warrior hits you with a +2 scimitar of holy wrath!!
You convulse!!
Ouch! That really hurt!
You die...

#.....#.##....# .#
###
#.....#.##....##.##
#....)#..o..........
#.............#...##
#....#..##..#.#...#
#...........#.......
####.#...........##.
#.........#°o....#
#.......#.#@.#.#.#
#.......[........#
#............#...#
#.....##.##..#...#
#....†##.##..#...#
#.....##.........#
#...[.#..........#
#.....#..##.###..
#######.....# >


You could see an orc warrior and an orc.

Vanquished Creatures
  Sigmund (D:3)
  A sky beast (D:6)
  A phantom (D:5)
  2 ogres
  3 centaurs
  A big kobold (D:7)
  A bullfrog (D:7)
  3 scorpions
  A bullfrog zombie (D:6)
  4 hounds
  Crazy Yiuf (D:5)
  7 orc priests
  2 jellies
  8 orc wizards
  2 centaur skeletons
  2 iguanas
  3 worker ants
  2 hound zombies
  Robin (D:3)
  4 gnolls
  8 adders
  A shadow imp (D:6)
  An ooze (D:2)
  5 worms
  2 dart slugs
  7 leopard geckos
  32 orcs
  9 giant cockroaches
  17 goblins
  3 hobgoblins
  7 jackals
  5 quokkas
  2 ball pythons
  A ball python skeleton (D:4)
  9 bats
  10 frilled lizards
  16 kobolds
  A leopard gecko zombie (D:6)
  A quokka skeleton (D:5)
  7 rats
194 creatures vanquished.

Vanquished Creatures (others)
  A sky beast (D:5)
  Blork the orc (D:5)
  2 plants (D:1)
4 creatures vanquished.

Grand Total: 198 creatures vanquished

Notes
Turn   | Place    | Note
-------+----------+-------------------------------------------
     0 | D:1      | Arixos the Vampire Earth Elementalist began the quest for
                  | the Orb.
     0 | D:1      | Reached XP level 1. HP: 13/13 MP: 3/3
   322 | D:1      | Reached XP level 2. HP: 20/20 MP: 0/5
   754 | D:1      | Reached skill level 1 in Fighting
   762 | D:1      | Reached XP level 3. HP: 24/26 MP: 0/6
  1562 | D:2      | Found a blossoming altar of Fedhas.
  1793 | D:2      | Reached XP level 4. HP: 29/32 MP: 3/7
  2091 | D:2      | Learned a level 2 spell: Passwall
  2095 | D:2      | Learned a level 3 spell: Stone Arrow
  2140 | D:2      | Found an ornate altar of the Wu Jian Council.
  2140 | D:2      | Found a shadowy altar of Dithmenos.
  2208 | D:2      | Reached XP level 5. HP: 30/30 MP: 3/9
  2587 | D:3      | Noticed Sigmund
  2603 | D:3      | Killed Sigmund
  2603 | D:3      | Reached XP level 6. HP: 34/36 MP: 0/11
  2797 | D:3      | Noticed Robin
  2806 | D:3      | Killed Robin
  3099 | D:3      | Reached skill level 1 in Shields
  3764 | D:4      | Reached XP level 7. HP: 37/40 MP: 10/12
  3848 | D:4      | Found Fonon's Food Shoppe.
  3853 | D:4      | Found Woilou Opsa's Food Emporium.
  4307 | D:4      | Found Loet Doxt's General Store.
  4331 | D:4      | Found Ulym's Weapon Shop.
  4334 | D:4      | Bought a +0 whip of freezing for 78 gold pieces
  4537 | D:5      | Entered Level 5 of the Dungeon
  4561 | D:5      | Reached skill level 5 in Earth Magic
  4661 | D:5      | Killed Blork the orc
  4760 | D:5      | Found a staircase to the Ecumenical Temple.
  4769 | Temple   | Entered the Ecumenical Temple
  4858 | Temple   | Became a worshipper of Qazlal Stormbringer
  5156 | D:5      | Reached skill level 5 in Dodging
  5156 | D:5      | Reached XP level 8. HP: 40/40 MP: 11/14
  5193 | D:5      | Learned a level 4 spell: Petrify
  5199 | D:5      | Learned a level 5 spell: Lee's Rapid Deconstruction
  5274 | D:5      | You fall into a shaft and drop 2 floors!
  5522 | D:7      | Reached skill level 1 in Conjurations
  5868 | D:7      | Reached * piety under Qazlal
  6458 | D:6      | Found a sparkling altar of Nemelex Xobeh.
  6634 | D:5      | Found a runed translucent door.
  6635 | D:5      | Noticed Crazy Yiuf
  6892 | D:5      | Killed Crazy Yiuf
  6929 | D:6      | Reached XP level 9. HP: 50/52 MP: 7/16
  7490 | D:6      | Found the +15 Maxwell's patent armour {-Cast -Tele rElec
                  | MR+ rCorr}
  7707 | D:6      | Demolished by an orc warrior

Levels and vault maps discovered:
D:1:      dpeg_arrival_water_fire, layout_loops_corners, lexackson_kobold_supper
D:2:      lemuel_upstairs_altar, layout_basic,
          gammafunk_temple_overflow_elements, fedhas_altar_4
D:3:      layout_loops_ring, uniq_sigmund, uniq_robin
D:4:      layout_rooms, serial_shops, kennysheep_little_box, kennysheep_mini,
          shop, shop, serial_forest, infiniplex_forest_lined_corner,
          infiniplex_forest_lined_corner, infiniplex_forest_end_1,
          infiniplex_forest_clump_large, infiniplex_forest_clump_medium,
          infiniplex_forest_lined_room_3, infiniplex_forest_straight_4
D:5:      layout_basic, lemuel_temple_firewalk_a, first_ration,
          uniq_crazy_yiuf_cottage, uniq_blork_the_orc
D:6:      layout_basic, overflow_temple_1_default,
          nemelex_xobeh_ov_fountains_minmay
D:7:      layout_basic, basic_altar
Temple:   lightli_temple_of_artemis

Skill      XL: |  1  2  3  4  5  6  7  8  9 |
---------------+----------------------------+-----
Fighting       | 1 2 3 4 |  4.1
Dodging        | 3 4 5 |  5.7
Spellcasting   | 3 4 |  4.8
Earth Magic    | 4 5 |  5.9
Shields        | 1 3 4 |  4.0
Conjurations   | 2 |  2.5
Transmutations | 3 4 |  4.0
Stealth        | |  3.0

Action                   |  1- 3 |  4- 6 |  7- 9 || total
-------------------------+-------+-------+-------++-------
Melee: Unarmed           |    35 |       |       ||    35
       Bite              |     5 |     1 |     7 ||    13
       Short sword       |    39 |    25 |       ||    64
       Dagger            |       |     7 |     1 ||     8
       Whip              |       |       |    34 ||    34
Throw: Stone             |     1 |       |     2 ||     3
 Cast: Sandblast         |    62 |    83 |   164 ||   309
       Stone Arrow       |       |     2 |    17 ||    19
 Abil: Exsanguinate      |       |     1 |     1 ||     2
       Revivify          |       |       |     1 ||     1
       End Transformatio |       |       |     1 ||     1
       Bat Form          |       |       |     1 ||     1
Evoke: Wand              |       |     1 |     4 ||     5
  Use: Scroll            |       |       |     3 ||     3
 Stab: Sleeping          |     8 |     5 |     1 ||    14
Armor: Robe              |    11 |     2 |       ||    13
       Leather armour    |       |     9 |    24 ||    33
Dodge: Dodged            |    70 |    35 |    69 ||   174
Block: Buckler           |       |     2 |    40 ||    42

Table legend:
 A = Non-vault XP
 B = Vault XP
 C = Vault XP percentage of total XP
 D = Non-vault monster count
 E = Vault monster count
 F = Vault count percentage of total count
                 A         B        C        D         E       F
            +---------+---------+-------+---------+---------+-------
      Total |    2849 |     312 |   9.9 |     175 |      19 |   9.8
            +---------+---------+-------+---------+---------+-------
        D:1 |      46 |      13 |  22.0 |      29 |       8 |  21.6
        D:2 |     144 |       0 |   0.0 |      37 |       0 |   0.0
        D:3 |     134 |     257 |  65.7 |      18 |      10 |  35.7
        D:4 |     397 |       0 |   0.0 |      18 |       0 |   0.0
        D:5 |     737 |      42 |   5.4 |      23 |       1 |   4.2
        D:6 |     549 |       0 |   0.0 |      19 |       0 |   0.0
        D:7 |     842 |       0 |   0.0 |      31 |       0 |   0.0
            +---------+---------+-------+---------+---------+-------
